TOP OF THE 1ST |
---|
Butler HS Golden Tornado batting - Pitching for Indianapolis HS Chaos : RHP Dave Paul | Pitching: RHP Dave Paul | | Batting: RHB Nick Washington | 0-0: Ball 1-0: Ball 2-0: Ball 3-0: Called Strike 3-1: Base on Balls | Batting: RHB Gary Estes | 0-0: Ball 1-0: Foul Ball, location: 2F 1-1: Fly out, F7 (Flyball, 78M) | Batting: LHB Francisco Sousa | 0-0: Ball 1-0: Ball 2-0: Ball 3-0: Base on Balls Nick Washington to second | Batting: RHB Blake Carpenter | 0-0: Called Strike 0-1: Ball 1-1: 3-RUN HOME RUN (Flyball, 78XD), Distance : 375 ft | Batting: RHB Luis Mota | 0-0: Ball 1-0: Foul Ball, location: 2F 1-1: Ball 2-1: TRIPLE (Line Drive, 78XD) | Batting: LHB Arturo Ruíz | 0-0: Ball 1-0: Ground out U3 (Groundball, 34) Luis Mota scores | Batting: SHB Víctor Ortíz | 0-0: Called Strike 0-1: Foul Ball, location: 2F 0-2: Foul Ball, location: 2F 0-2: Ball 1-2: Ball 2-2: Ground out 6-3 (Groundball, 6) | Top of the 1st over - 4 runs, 2 hits, 0 errors, 0 left on base; Butler HS 4 - Indianapolis HS 0 | BOTTOM OF THE 1ST |
---|
Indianapolis HS Chaos batting - Pitching for Butler HS Golden Tornado : RHP Ken Aldridge | Pitching: RHP Ken Aldridge | | Batting: LHB Jason Hudson | 0-0: Ball 1-0: Ball 2-0: Ball 3-0: Base on Balls | Batting: RHB Jonathan Thompson | 0-0: Ball 1-0: Fielders Choice at 2nd, 4-6 (Groundball, 4) | Batting: RHB Bryan Reed | 0-0: Called Strike 0-1: Ball 1-1: Foul Ball, location: 2F 1-2: Fly out, F6 (Line Drive, 6) | Batting: RHB Andy Norris | 0-0: Called Strike 0-1: SINGLE (Groundball, 56D) Jonathan Thompson to second | Batting: LHB Chris Russell | 0-0: Called Strike 0-1: Called Strike 0-2: Ball 1-2: Ball 2-2: Ball Passed Ball! Jonathan Thompson to third Andy Norris to second 3-2: Strikes out swinging | Bottom of the 1st over - 0 runs, 1 hit, 0 errors, 2 left on base; Butler HS 4 - Indianapolis HS 0 | TOP OF THE 2ND |
---|
Butler HS Golden Tornado batting - Pitching for Indianapolis HS Chaos : RHP Dave Paul | Batting: RHB Michael Edmonds | 0-0: Ball 1-0: SINGLE (Line Drive, 7S) | Batting: RHB Tom Copeland | 0-0: Foul Ball, location: 2F 0-1: Ball Michael Edmonds is caught stealing 2nd base 1-1: Foul Ball, location: 2F 1-2: Ball 2-2: SINGLE (Line Drive, 4MD) | Batting: RHB Nick Washington | 0-0: Ball 1-0: Ball 2-0: Called Strike Tom Copeland steals 2nd base 2-1: Swinging Strike 2-2: Strikes out swinging | Batting: RHB Gary Estes | 0-0: Foul Ball, location: 2F 0-1: Ball 1-1: Called Strike 1-2: Fly out, F7 (Flyball, 7LMF) | Top of the 2nd over - 0 runs, 2 hits, 0 errors, 1 left on base; Butler HS 4 - Indianapolis HS 0 | BOTTOM OF THE 2ND |
---|
Indianapolis HS Chaos batting - Pitching for Butler HS Golden Tornado : RHP Ken Aldridge | Batting: RHB Brian Carriaga | 0-0: Ball 1-0: Ball 2-0: Foul Ball, location: 2F 2-1: Foul Ball, location: 2F 2-2: Strikes out swinging | Batting: LHB José Alonzo | 0-0: DOUBLE (Flyball, 8LXD) | Batting: SHB Jimmy Bullock | 0-0: Ball 1-0: Ball 2-0: Swinging Strike 2-1: Ball 3-1: Base on Balls | Batting: RHB António Solís | 0-0: Called Strike 0-1: Swinging Strike 0-2: Strikes out swinging | Batting: LHB Jason Hudson | 0-0: Ball 1-0: Ball 2-0: Foul Ball, location: 2F 2-1: SINGLE (Line Drive, 6D) José Alonzo to third Jimmy Bullock to second | Batting: RHB Jonathan Thompson | 0-0: Ball 1-0: SINGLE (Flyball, 7LS) José Alonzo scores Jimmy Bullock to third Jason Hudson to second Runner from 3rd tries for Home, SAFE, no throw | Batting: RHB Bryan Reed | 0-0: Ball 1-0: Ball 2-0: Called Strike 2-1: Called Strike 2-2: Ball 3-2: Base on Balls Jason Hudson to third Jonathan Thompson to second | Batting: RHB Andy Norris | 0-0: Ball 1-0: Foul Ball, location: 2F 1-1: Foul Ball, location: 2F 1-2: Fly out, F8 (Flyball, 8LD) | Bottom of the 2nd over - 2 runs, 3 hits, 0 errors, 3 left on base; Butler HS 4 - Indianapolis HS 2 | TOP OF THE 3RD |
---|
Butler HS Golden Tornado batting - Pitching for Indianapolis HS Chaos : RHP Dave Paul | Batting: LHB Francisco Sousa | 0-0: Ball 1-0: Called Strike 1-1: Swinging Strike 1-2: Ball 2-2: Foul Ball, location: 2F 2-2: SINGLE (Groundball, 34D) | Batting: RHB Blake Carpenter | 0-0: Called Strike 0-1: Foul Ball, location: 2F 0-2: SINGLE (Groundball, 56D) Francisco Sousa to second | Batting: RHB Luis Mota | 0-0: Ball 1-0: Fly out, F8 (Flyball, 78M) | Batting: LHB Arturo Ruíz | 0-0: Called Strike 0-1: SINGLE (Groundball, 4MD) Francisco Sousa to third Blake Carpenter to second Runner from 3rd tries for Home, SAFE, throw made home | Batting: SHB Víctor Ortíz | 0-0: Called Strike 0-1: Called Strike 0-2: Ball Wild Pitch! Blake Carpenter to third Arturo Ruíz to second 1-2: Ground out U3 (Groundball, 3S) | Batting: RHB Michael Edmonds | 0-0: Called Strike 0-1: SINGLE (Line Drive, 9S) Blake Carpenter scores Arturo Ruíz to third Runner from 3rd tries for Home, SAFE, no throw | Batting: RHB Tom Copeland | 0-0: Ball 1-0: Ball 2-0: Ball 3-0: Base on Balls Michael Edmonds to second | Batting: RHB Nick Washington | 0-0: Foul Ball, location: 2F 0-1: Ball 1-1: Called Strike 1-2: Ball 2-2: Foul Ball, location: 2F 2-2: Ball 3-2: Base on Balls Michael Edmonds to third Tom Copeland to second | Batting: RHB Gary Estes | 0-0: Ball 1-0: Ball 2-0: SINGLE (Line Drive, 56D) Michael Edmonds scores Tom Copeland to third Nick Washington to second Runner from 3rd tries for Home, throw and OUT! | Top of the 3rd over - 4 runs, 5 hits, 0 errors, 2 left on base; Butler HS 8 - Indianapolis HS 2 | BOTTOM OF THE 3RD |
---|
Indianapolis HS Chaos batting - Pitching for Butler HS Golden Tornado : RHP Ken Aldridge | Batting: LHB Chris Russell | 0-0: Called Strike 0-1: Ball 1-1: Ball 2-1: Swinging Strike 2-2: SINGLE (Flyball, 7LS) | Batting: RHB Brian Carriaga | 0-0: Ball 1-0: Ball 2-0: Ball 3-0: Base on Balls Chris Russell to second | Batting: LHB José Alonzo | 0-0: Called Strike 0-1: Ball 1-1: Swinging Strike 1-2: Fly out, F8 (Flyball, 8RXD) Runner from 2nd tags up, SAFE at 3rd, no throw | Batting: SHB Jimmy Bullock | 0-0: Ball 1-0: Foul Ball, location: 2F 1-1: Foul Ball, location: 2F Balk! Chris Russell scores Brian Carriaga to second 1-2: Foul Ball, location: 2F 1-2: Ball 2-2: Fly out, F3 (Popup, 3SF) | Batting: RHB António Solís | 0-0: Ball 1-0: Ball 2-0: Ball 3-0: Base on Balls | Batting: LHB Jason Hudson | 0-0: Ball 1-0: Ball 2-0: Called Strike 2-1: Foul Ball, location: 2F 2-2: Strikes out swinging | Bottom of the 3rd over - 1 run, 1 hit, 0 errors, 2 left on base; Butler HS 8 - Indianapolis HS 3 | TOP OF THE 4TH |
---|
Butler HS Golden Tornado batting - Pitching for Indianapolis HS Chaos : RHP Dave Paul | Pitching: RHP Jeff Walker | | Batting: LHB Francisco Sousa | 0-0: Ball 1-0: Foul Ball, location: 2F 1-1: Called Strike 1-2: SINGLE (Flyball, 7S) | Batting: RHB Blake Carpenter | 0-0: Ball 1-0: DOUBLE (Flyball, 8LXD) Francisco Sousa to third Runner from 3rd tries for Home, throw and OUT! Runner from 2nd tries for 3rd, throw and SAFE! | Batting: RHB Luis Mota | 0-0: Ball 1-0: Ball 2-0: Foul Ball, location: 2F 2-1: Called Strike 2-2: Strikes out looking | Batting: LHB Arturo Ruíz | 0-0: Called Strike 0-1: Swinging Strike 0-2: Strikes out swinging | Top of the 4th over - 0 runs, 2 hits, 0 errors, 1 left on base; Butler HS 8 - Indianapolis HS 3 | BOTTOM OF THE 4TH |
---|
Indianapolis HS Chaos batting - Pitching for Butler HS Golden Tornado : RHP Ken Aldridge | Batting: RHB Jonathan Thompson | 0-0: Called Strike 0-1: Foul Ball, location: 2F 0-2: Ball 1-2: Ball 2-2: Foul Ball, location: 2F 2-2: Ball 3-2: Strikes out swinging | Pitching: LHP Carlos Ramírez | | Batting: RHB Bryan Reed | 0-0: Ground out 5-3 (Groundball, 56S) | Batting: RHB Andy Norris | 0-0: Called Strike 0-1: Foul Ball, location: 2F 0-2: SINGLE (Line Drive, 6D) | Batting: LHB Chris Russell | 0-0: Ball 1-0: Ball 2-0: Foul Ball, location: 2F 2-1: SINGLE (Groundball, 56D) Andy Norris to second | Batting: RHB Brian Carriaga | 0-0: Called Strike 0-1: Foul Ball, location: 2F 0-2: Ball 1-2: Ball 2-2: Strikes out swinging | Bottom of the 4th over - 0 runs, 2 hits, 0 errors, 2 left on base; Butler HS 8 - Indianapolis HS 3 | TOP OF THE 5TH |
---|
Butler HS Golden Tornado batting - Pitching for Indianapolis HS Chaos : RHP Jeff Walker | Batting: SHB Víctor Ortíz | 0-0: Ball 1-0: Ground out 6-3 (Groundball, 56) | Batting: RHB Michael Edmonds | 0-0: Ball 1-0: Called Strike 1-1: Swinging Strike 1-2: Ground out 5-3 (Groundball, 56S) | Batting: RHB Tom Copeland | 0-0: Ground out 6-3 (Groundball, 6) | Top of the 5th over - 0 runs, 0 hits, 0 errors, 0 left on base; Butler HS 8 - Indianapolis HS 3 | BOTTOM OF THE 5TH |
---|
Indianapolis HS Chaos batting - Pitching for Butler HS Golden Tornado : LHP Carlos Ramírez | Batting: LHB José Alonzo | 0-0: Called Strike 0-1: Ball 1-1: Ball 2-1: Ball 3-1: Base on Balls | Batting: SHB Jimmy Bullock | 0-0: Ball 1-0: Ball 2-0: Ball 3-0: Base on Balls José Alonzo to second | Batting: RHB António Solís | 0-0: Ball 1-0: Called Strike 1-1: Ball 2-1: Ball 3-1: SINGLE (Flyball, 7S) José Alonzo to third Jimmy Bullock to second | Batting: LHB Jason Hudson | 0-0: Fielders Choice at 2nd, 6-4 (Groundball, 6) José Alonzo scores Jimmy Bullock to third | Batting: RHB Jonathan Thompson | 0-0: Ball 1-0: Called Strike 1-1: SINGLE (Line Drive, 7LM) Jimmy Bullock scores Jason Hudson to second | Batting: RHB Bryan Reed | 0-0: Called Strike Throwing error on steal attempt, E2 Jason Hudson scores Jonathan Thompson to third 0-1: Fly out, F3 (Popup, 34S) | Batting: RHB Andy Norris | 0-0: Ground out 6-3 (Groundball, 6) | Bottom of the 5th over - 3 runs, 2 hits, 1 error, 1 left on base; Butler HS 8 - Indianapolis HS 6 | TOP OF THE 6TH |
---|
Butler HS Golden Tornado batting - Pitching for Indianapolis HS Chaos : RHP Jeff Walker | Batting: RHB Nick Washington | 0-0: Ball 1-0: Ball 2-0: Ball 3-0: Called Strike 3-1: Foul Ball, location: 2F 3-2: Reached on error, E5 (Groundball, 56S) | Batting: RHB Gary Estes | 0-0: Called Strike 0-1: Fly out, F9 (Flyball, 89M) | Batting: LHB Francisco Sousa | 0-0: Foul Ball, location: 2F 0-1: Called Strike 0-2: Ball 1-2: Ball 2-2: 2-RUN HOME RUN (Flyball, 9LD), Distance : 345 ft | Pitching: LHP Lonnie Christensen | | Batting: RHB Blake Carpenter | 0-0: Called Strike 0-1: Ground out 5-3 (Groundball, 56) | Batting: RHB Luis Mota | 0-0: Foul Ball, location: 2F 0-1: Ball 1-1: Ball 2-1: Hit by Pitch | Batting: LHB Arturo Ruíz | 0-0: Called Strike 0-1: Swinging Strike 0-2: Ball 1-2: Ground out 4-3 (Groundball, 34) | Top of the 6th over - 2 runs, 1 hit, 1 error, 1 left on base; Butler HS 10 - Indianapolis HS 6 | BOTTOM OF THE 6TH |
---|
Indianapolis HS Chaos batting - Pitching for Butler HS Golden Tornado : LHP Carlos Ramírez | Pitching: RHP Dan Milton | | Batting: LHB Chris Russell | 0-0: Called Strike 0-1: Ball 1-1: Ball 2-1: Ball 3-1: Base on Balls | Batting: RHB Brian Carriaga | 0-0: Ball 1-0: Ball 2-0: Ball 3-0: Base on Balls Chris Russell to second | Batting: LHB José Alonzo | 0-0: Ground out 3-1 (Groundball, 34S) Chris Russell to third Brian Carriaga to second | Batting: SHB Jimmy Bullock | 0-0: Swinging Strike 0-1: SINGLE (Flyball, 7S) Chris Russell scores Brian Carriaga to third | Batting: RHB António Solís | 0-0: Foul Ball, location: 2F 0-1: Swinging Strike 0-2: Ball 1-2: Foul Ball, location: 2F 1-2: Ball Jimmy Bullock steals 2nd base 2-2: Foul Ball, location: 2F 2-2: Strikes out swinging | Batting: LHB Jason Hudson | 0-0: Reached on error, E4 (Groundball, 6M) Brian Carriaga scores Jimmy Bullock to third | Batting: RHB Jonathan Thompson | 0-0: Swinging Strike 0-1: Ball Wild Pitch! Jimmy Bullock scores Jason Hudson to second 1-1: Foul Ball, location: 2F 1-2: Ball 2-2: Ball Wild Pitch! Jason Hudson to third 3-2: Fly out, F9 (Flyball, 9) | Bottom of the 6th over - 3 runs, 1 hit, 1 error, 1 left on base; Butler HS 10 - Indianapolis HS 9 | TOP OF THE 7TH |
---|
Butler HS Golden Tornado batting - Pitching for Indianapolis HS Chaos : LHP Lonnie Christensen | Batting: SHB Víctor Ortíz | 0-0: Ball 1-0: Ball 2-0: Foul Ball, location: 2F 2-1: Called Strike 2-2: Ball 3-2: Strikes out swinging | Batting: RHB Michael Edmonds | 0-0: Ball 1-0: Ball 2-0: SINGLE (Groundball, 56D) | Batting: RHB Tom Copeland | 0-0: Ground out 3-1 (Groundball, 34) Michael Edmonds to second | Batting: RHB Nick Washington | 0-0: Ball 1-0: Foul Ball, location: 2F 1-1: Ball 2-1: Called Strike 2-2: Ball 3-2: Base on Balls | Batting: RHB Gary Estes | 0-0: Ball 1-0: Called Strike 1-1: Ball 2-1: Called Strike 2-2: Ball 3-2: Foul Ball, location: 2F 3-2: Foul Ball, location: 2F 3-2: Foul Ball, location: 2F 3-2: Foul Ball, location: 2F 3-2: Foul Ball, location: 2F 3-2: Base on Balls Michael Edmonds to third Nick Washington to second | Batting: LHB Francisco Sousa | 0-0: Foul Ball, location: 2F 0-1: Ball 1-1: Fly out, F5 (Line Drive, 56) | Top of the 7th over - 0 runs, 1 hit, 0 errors, 3 left on base; Butler HS 10 - Indianapolis HS 9 | BOTTOM OF THE 7TH |
---|
Indianapolis HS Chaos batting - Pitching for Butler HS Golden Tornado : RHP Dan Milton | Pitching: RHP Jorge Freitas | | Batting: RHB Bryan Reed | 0-0: Called Strike 0-1: Ball 1-1: Ball 2-1: SINGLE (Line Drive, 78S) | Batting: RHB Andy Norris | 0-0: Ball 1-0: Ball 2-0: Foul Ball, location: 2F 2-1: Swinging Strike 2-2: Reached on error, E5 (Groundball, 56) Bryan Reed to second | Pitching: LHP Ed Jensen | | Batting: LHB Chris Russell | 0-0: SINGLE (Flyball, 8RS) Bryan Reed to third Andy Norris to second | Pitching: RHP Claudio García | | Batting: RHB Brian Carriaga | 0-0: Swinging Strike 0-1: Foul Ball, location: 2F 0-2: Foul Ball, location: 2F 0-2: Ball 1-2: DOUBLE (Line Drive, 8LD) Bryan Reed scores Andy Norris scores Chris Russell to third | Batting: LHB José Alonzo | 0-0: Ball 1-0: Called Strike 1-1: Called Strike 1-2: Ball 2-2: Ball 3-2: Base on Balls | Batting: SHB Jimmy Bullock | 0-0: Ball 1-0: Ball 2-0: Called Strike 2-1: Ball Wild Pitch! Chris Russell scores Brian Carriaga to third José Alonzo to second 3-1: Intentional Walk | Batting: RHB António Solís | 0-0: GRAND SLAM HOME RUN (Flyball, 9LD), Distance : 324 ft | Batting: LHB Jason Hudson | 0-0: Ball 1-0: Foul Ball, location: 2F 1-1: Foul Ball, location: 2F 1-2: Fly out, F8 (Flyball, 78M) | Batting: RHB Jonathan Thompson | 0-0: Swinging Strike 0-1: Ball 1-1: Foul Ball, location: 2F 1-2: Ball 2-2: SINGLE (Groundball, 56S) (infield hit) | Batting: RHB Bryan Reed | 0-0: Called Strike 0-1: Ball Jonathan Thompson steals 2nd base 1-1: Swinging Strike 1-2: Ball 2-2: Foul Ball, location: 2F 2-2: Foul Ball, location: 2F 2-2: Ball 3-2: Base on Balls | Batting: RHB Andy Norris | 0-0: Ball 1-0: Ball 2-0: Called Strike 2-1: Foul Ball, location: 2F 2-2: Foul Ball, location: 2F 2-2: DOUBLE (Line Drive, 89D) Jonathan Thompson scores Bryan Reed to third Runner from 3rd tries for Home, SAFE, no throw | Batting: LHB Chris Russell | 0-0: Ball 1-0: Ball 2-0: Ball 3-0: Called Strike 3-1: Base on Balls | Batting: RHB Brian Carriaga | 0-0: Called Strike 0-1: Foul Ball, location: 2F 0-2: Ball 1-2: Strikes out swinging | Batting: LHB José Alonzo | 0-0: Called Strike 0-1: Ball 1-1: Ball 2-1: Ball 3-1: Base on Balls Andy Norris to third Chris Russell to second | Batting: SHB Jimmy Bullock | 0-0: Called Strike 0-1: Fly out, F9 (Flyball, 9LSF) | Bottom of the 7th over - 9 runs, 6 hits, 1 error, 3 left on base; Butler HS 10 - Indianapolis HS 18 | TOP OF THE 8TH |
---|
Butler HS Golden Tornado batting - Pitching for Indianapolis HS Chaos : LHP Lonnie Christensen | Now in LF: Warren Norton | | Batting: RHB Blake Carpenter | 0-0: Ball 1-0: Ball 2-0: Ball 3-0: Called Strike 3-1: Called Strike 3-2: Base on Balls | Batting: RHB Luis Mota | 0-0: Called Strike 0-1: Ball 1-1: Ball 2-1: Swinging Strike 2-2: Foul Ball, location: 2F 2-2: Ball 3-2: Base on Balls Blake Carpenter to second | Batting: LHB Arturo Ruíz | 0-0: Foul Ball, location: 2F 0-1: Ball 1-1: Foul Ball, location: 2F 1-2: Strikes out looking | Pitching: RHP Ben Johnston | | Batting: SHB Víctor Ortíz | 0-0: Ball 1-0: Fly out, F8 (Flyball, 89M) | Batting: RHB Michael Edmonds | 0-0: Ground out 4-3 (Groundball, 4) | Top of the 8th over - 0 runs, 0 hits, 0 errors, 2 left on base; Butler HS 10 - Indianapolis HS 18 | BOTTOM OF THE 8TH |
---|
Indianapolis HS Chaos batting - Pitching for Butler HS Golden Tornado : RHP Claudio García | Batting: RHB António Solís | 0-0: Fly out, F2 (Popup, 15S) | Batting: LHB Jason Hudson | 0-0: Ball 1-0: Swinging Strike 1-1: Ball 2-1: SINGLE (Line Drive, 78M) | Batting: RHB Jonathan Thompson | 0-0: Ball 1-0: Ball 2-0: Foul Ball, location: 2F 2-1: Ball 3-1: Base on Balls Jason Hudson to second | Pitching: LHP Rich DeBerenger | | Batting: RHB Bryan Reed | 0-0: Called Strike Jason Hudson steals 3rd base Jonathan Thompson to second 0-1: Foul Ball, location: 2F 0-2: Ball 1-2: Fly out, F5 (Popup, 5F) | Batting: RHB Andy Norris | 0-0: Ball 1-0: Swinging Strike 1-1: 3-RUN HOME RUN (Flyball, 7LD), Distance : 336 ft | Batting: LHB Chris Russell | 0-0: Called Strike 0-1: Ball 1-1: Ball 2-1: Ball 3-1: Ground out 4-3 (Groundball, 4) | Bottom of the 8th over - 3 runs, 2 hits, 0 errors, 0 left on base; Butler HS 10 - Indianapolis HS 21 | TOP OF THE 9TH |
---|
Butler HS Golden Tornado batting - Pitching for Indianapolis HS Chaos : RHP Ben Johnston | Batting: RHB Tom Copeland | 0-0: Ball 1-0: Ball 2-0: Ball 3-0: Base on Balls | Batting: RHB Nick Washington | 0-0: Called Strike 0-1: Foul Ball, location: 2F 0-2: Foul Ball, location: 2F 0-2: Ball Wild Pitch! Tom Copeland to second 1-2: Foul Ball, location: 2F 1-2: Ground out 6-3 (Groundball, 6) | Batting: RHB Gary Estes | 0-0: Ball 1-0: Called Strike 1-1: Called Strike 1-2: Foul Ball, location: 2F 1-2: Ground out 6-3 (Groundball, 6) | Batting: LHB Francisco Sousa | 0-0: Called Strike 0-1: Ball 1-1: Ball 2-1: Ball 3-1: Ground out 6-3 (Groundball, 6) | Top of the 9th over - 0 runs, 0 hits, 0 errors, 1 left on base; Butler HS 10 - Indianapolis HS 21 | |